 Dungeon Crawl Stone Soup version 0.19-a0-1127-gac58878 (webtiles) character file.

4 JustSomeDude the Skirmisher (level 1, -1/18 HPs)
             Began as a Formicid Monk on Aug 12, 2016.
             Slain by a centaur warrior zombie (2 damage)
             ... summoned by a boggart
             ... on level 15 of the Dungeon.
             The game lasted 00:03:54 (335 turns).

JustSomeDude the Skirmisher (Formicid Monk)          Turns: 335, Time: 00:03:55

Health: -1/18      AC:  2    Str: 15    XL:     1   Next: 66%
Magic:  1/1        EV: 13    Int:  9    God:
Gold:   59         SH:  0    Dex: 13    Spells: 0 memorised, 0 levels left

rFire  . . .     SeeInvis +     a - +0 spear
rCold  . . .     Gourm    .     b - +0 robe
rNeg   . . .     Faith    .     (no shield)
rPois  .         Spirit   .     (helmet unavailable)
rElec  .         Dismiss  .     (no cloak)
rCorr  .         Reflect  .     (no gloves)
SustAt .         Harm     .     (no boots)
MR     .....                    (no amulet)
Stlth  ++........               (no ring)
                                (no ring)

@:
A: permanent stasis, dig shafts and tunnels, four strong arms, antennae 3
a: Dig, Shaft Self


You were on level 15 of the Dungeon.
You were hungry.

You visited 1 branch of the dungeon, and saw 12 of its levels.

You collected 59 gold pieces.

Inventory:

Hand Weapons
 a - a +0 spear (weapon)
Armour
 b - a +0 robe (worn)
Comestibles
 c - a bread ration


   Skills:
 + Level 3.4 Fighting
 + Level 3.0 Polearms
 + Level 2.8 Dodging
 + Level 2.4 Stealth


You couldn't memorise any spells.
You didn't know any spells.

Dungeon Overview and Level Annotations

Branches:
Dungeon (13/15)               Orc (0/2) D:12
 Temple: D:4-7         Lair: D:8-11      Vaults: D:13-14

Altars:
The Shining One


Innate Abilities, Weirdness & Mutations

You are under a permanent stasis effect.
You can dig through walls and to a lower floor.
Your four strong arms can wield two-handed weapons with a shield.
You have a pair of large antennae on your head. (SInv)


Message History

The centaur warrior zombie closely misses you.
You dig through the rock wall.
You are feeling hungry.
You dig through the rock wall.
You hear the ticking of a very distant clock.
The centaur warrior zombie hits you but does no damage.
You dig through the rock wall.
The centaur warrior zombie hits you.
You dig through the rock wall.
You dig through the rock wall.
The centaur warrior zombie hits you.
* * * LOW HITPOINT WARNING * * *
You dig through the rock wall.
The boggart casts a spell.
The boggart blinks!
You dig through the rock wall.
You dig through the rock wall.
The boggart gestures wildly while chanting.
The boggart blinks!
The centaur warrior zombie hits you.
* * * LOW HITPOINT WARNING * * *
You dig through the rock wall.
The centaur warrior zombie hits you.
You die...

......#.....#
............#
............# .
.......s....# ..
..."........#
..########.....#
...............#
..[............###
...............#@#
...............#Z#
...............#.#
..####.###.....#W#
....#....#.....#.#
....#....#...{.#g#
....#....#.....#.#
....#.....{.{.{#.#
..........{....#.#


You could see a hungry ghost, a boggart and a centaur warrior zombie.

Vanquished Creatures
  3 hobgoblins (D:1)
3 creatures vanquished.

Notes
Turn   | Place    | Note
-------+----------+-------------------------------------------
     0 | D:1      | JustSomeDude the Formicid Monk began the quest for the Orb.
     0 | D:1      | Reached XP level 1. HP: 18/18 MP: 1/1
   104 | D:1      | You fall through a shaft!
   107 | D:2      | You fall through a shaft!
   110 | D:4      | Noticed an iguana
   114 | D:4      | You fall through a shaft for 2 floors!
   117 | D:6      | You fall through a shaft for 2 floors!
   137 | D:8      | You fall through a shaft!
   140 | D:9      | Found a glowing golden altar of the Shining One.
   177 | D:10     | Entered Level 10 of the Dungeon
   197 | D:10     | Noticed a killer bee
   198 | D:10     | Noticed a killer bee
   198 | D:10     | Noticed a killer bee
   198 | D:10     | Noticed a killer bee
   201 | D:10     | Noticed a killer bee
   203 | D:10     | You fall through a shaft for 3 floors!
   263 | D:12     | Found a staircase to the Orcish Mines.
   263 | D:12     | Noticed an orc wizard
   263 | D:12     | Noticed an orc warrior
   263 | D:12     | Noticed an orc warrior
   266 | D:12     | You fall through a shaft for 2 floors!
   278 | D:14     | Noticed a tengu warrior
   281 | D:14     | You fall through a shaft!
   281 | D:15     | Entered Level 15 of the Dungeon
   281 | D:15     | Noticed a tarantella
   286 | D:15     | Noticed a centaur warrior
   305 | D:15     | Noticed a boggart
   306 | D:15     | Noticed a boggart
   307 | D:15     | Noticed a centaur warrior zombie
   315 | D:15     | Noticed a skeletal warrior
   315 | D:15     | Noticed a skeletal warrior
   323 | D:15     | Noticed a hungry ghost
   335 | D:15     | Slain by a centaur warrior zombie

Vault maps used:
D:1:      lightli_arrival_isolated_outpost
D:2:      minmay_wonky_spiral, ecumenical_altar_2, nicolae_ru_awakened_eye
D:3:      gammafunk_temple_overflow_wave, lightli_corner_chamber
D:6:      nicolae_gozag_seed_capital
D:8:      grunt_temple_overflow_open, the_bakery, uniq_gastronok
D:9:      lemuel_doored_altar, erik_lair_dragon
D:10:     hangedman_cross_stitches, hangedman_decor_points,
          kennysheep_crisscross, nicolae_transmutations_shop
D:12:     erik_orc_4, nicolae_qazlal_style_of_elements
D:13:     david_vaults_5, nicolae_trove_entry_free_sample, basic_altar,
          grunt_pakellas_basics
D:14:     wad_mega_maze, roderic_serpentine_path, basic_altar
D:15:     hangedman_depths_entry_civil_slaughter, lab_entry_generic,
          fountainhead, uniq_louise

Action                   || total
-------------------------++-------
Melee: Spear             ||     7
 Abil: Shaft Self        ||     8
       Dig               ||     3
  Eat: Chunk             ||     1
Armor: Robe              ||     1
Dodge: Dodged            ||     8
